 Dungeon Crawl Stone Soup version 0.25.1-3-ge44b62a0b3 (webtiles) character file.

Game seed: 4758408437620165360

150 Mrkan the Cudgeler (level 5, -7/33 HPs)
             Began as a Gargoyle Monk on Nov 22, 2020.
             Mangled by a gnoll
             ... wielding a +0 halberd
              (12 damage)
             ... on level 3 of the Dungeon.
             The game lasted 00:03:13 (3159 turns).

Mrkan the Cudgeler (Gargoyle Monk)                  Turns: 3159, Time: 00:03:13

Health: -7/33      AC: 15    Str: 15    XL:     5   Next: 32%
Magic:  5/5        EV:  7    Int: 11    God:
Gold:   103        SH:  0    Dex: 12    Spells: 4/4 levels left

rFire    . . .     SeeInvis .   a - +0 mace
rCold    . . .     Gourm    .   (no shield)
rNeg     + . .     Faith    .   e - +0 chain mail
rPois    ∞         Spirit   .   k - +2 helmet
rElec    +         Reflect  .   (no cloak)
rCorr    .         Harm     .   (no gloves)
MR       .....                  (no boots)
Stlth    ..........             (no amulet)
HPRegen  0.11/turn              (no ring)
MPRegen  0.09/turn              (no ring)

@: no status effects
A: negative energy resistance 1, electricity resistance, unbreathing,
petrification resistance, rot immunity, AC +4
a: no special abilities


You were on level 3 of the Dungeon.
You were not hungry.

You visited 1 branch of the dungeon, and saw 3 of its levels.

You collected 103 gold pieces.

Inventory:

Hand Weapons
 a - a +0 mace (weapon)
Armour
 e - a +0 chain mail (worn)
 k - a +2 helmet (worn)
Scrolls
 b - 3 scrolls of identify {unknown}
 i - 3 scrolls of fear {unknown}
 j - a scroll of enchant armour {unknown}
 l - a scroll of teleportation {unknown}
 m - a scroll of amnesia {unknown}
 o - a scroll of remove curse {unknown}
Potions
 d - 2 potions of invisibility {unknown}
 f - a potion of cancellation {unknown}
 h - a potion of flight {unknown}
 n - 2 potions of curing {unknown}
Comestibles
 c - 3 rations
 g - a chunk of flesh


   Skills:
 + Level 4.3 Fighting
 * Level 4.6 Maces & Flails
 + Level 2.3 Armour
 - Level 2.4 Dodging
 - Level 2.1 Stealth


You had 4 spell levels left.
You didn't know any spells.
Your spell library was empty.

Dungeon Overview and Level Annotations

Branches:
Dungeon (3/15)

Altars:
Qazlal


Innate Abilities, Weirdness & Mutations

You are resistant to torment.
Your stone body is resilient. (AC +4)
You are immune to poison.
You resist negative energy. (rN+)
You are resistant to electric shocks. (rElec)
You can survive without breathing.
You are immune to petrification.
You are immune to rotting.


Message History

You hit the gnoll but do no damage.
The gnoll is lightly wounded.
The gnoll hits you but does no damage. The gnoll barely misses you.
You hit the gnoll.
The gnoll is heavily wounded.
The gnoll hits you from afar with a +0 halberd.
The gnoll barely misses you.
You barely miss the gnoll.
The gnoll is heavily wounded.
The gnoll closely misses you. The gnoll hits you but does no damage.
You hit the gnoll.
You kill the gnoll!
The gnoll hits you from afar with a +0 halberd!
* * * LOW HITPOINT WARNING * * *
The gnoll barely misses you.
Things that are here:
a +0 spear; a gnoll corpse You hit the gnoll but do no damage.
The gnoll hits you but does no damage.
You closely miss the gnoll. The gnoll hits you with a +0 halberd!
You die...

#####################
....................#
###################.#
#.# #.# #.# #.#
##########.#
.....gg@...#
############


You could see 2 gnolls.

Vanquished Creatures
  Terence (D:2)
  3 adders
  2 gnolls (D:3)
  3 worms
  2 dart slugs (D:1)
  2 leopard geckos
  3 orcs
  A giant cockroach (D:2)
  10 goblins
  6 hobgoblins
  2 jackals (D:2)
  2 kobolds
  2 ball pythons
  10 bats
  4 frilled lizards
  11 rats
64 creatures vanquished.

Notes
Turn   | Place    | Note
-------+----------+-------------------------------------------
     0 | D:1      | Mrkan the Gargoyle Monk began the quest for the Orb.
     0 | D:1      | Reached XP level 1. HP: 14/14 MP: 1/1
   365 | D:1      | Reached XP level 2. HP: 19/19 MP: 2/2
   616 | D:1      | Reached skill level 1 in Armour
  1239 | D:2      | Reached XP level 3. HP: 9/24 MP: 3/3
  1733 | D:2      | Reached XP level 4. HP: 29/29 MP: 4/4
  1761 | D:2      | Noticed Terence
  1795 | D:2      | Killed Terence
  2457 | D:2      | Found a stormy altar of Qazlal.
  2779 | D:3      | Reached XP level 5. HP: 21/33 MP: 5/5
  3159 | D:3      | Mangled by a gnoll

Illustrated notes

Levels and vault maps discovered:
D:1:      dpeg_arrival_rooms_a, layout_loops_corners
D:2:      layout_loops_ring, nicolae_overflow_crystal_walls, serial_glass,
          glass_columns_b, glass_columns_b, uniq_terence
D:3:      layout_basic, minmay_misc_feat_room

Skill      XL: |  1  2  3  4 |
---------------+-------------+-----
Armour         | 1 2 |  2.3
Maces & Flails | 4 |  4.6
Fighting       | 4 |  4.3
Dodging        | |  2.4
Stealth        | |  2.1

Action                   |  1- 3 |  4- 6 || total
-------------------------+-------+-------++-------
Melee: Mace              |   163 |   142 ||   305
  Eat: Chunk             |     3 |     5 ||     8
Armor: Chain mail        |   155 |   113 ||   268
       Robe              |     3 |       ||     3
Dodge: Dodged            |    82 |    65 ||   147
